 Dungeon Crawl Stone Soup version 0.25.0-9-g26727b657a (webtiles) character file.

Game seed: 12612909907851838854

347 Exodus22XD the Conjurer (level 6, 0/32 HPs)
             Began as a Deep Elf Wizard on June 20, 2020.
             Was a Follower of Sif Muna.
             Killed by divine providence
             ... invoked by an orc priest
              (13 damage)
             ... on level 4 of the Dungeon.
             The game lasted 00:14:43 (3545 turns).

Exodus22XD the Conjurer (Deep Elf Wizard)           Turns: 3545, Time: 00:14:43

Health: 0/32       AC:  2    Str:  4    XL:     6   Next: 33%
Magic:  0/14       EV: 13    Int: 25    God:    Sif Muna [*.....]
Gold:   151        SH:  0    Dex: 13    Spells: 2/13 levels left

rFire    x . .     SeeInvis .   e - +0 dagger
rCold    + . .     Gourm    .   (no shield)
rNeg     . . .     Faith    .   a - +0 robe
rPois    .         Spirit   .   b - +0 hat
rElec    .         Reflect  .   (no cloak)
rCorr    .         Harm     .   (no gloves)
MR       .....                  (no boots)
Stlth    ++........             k - amulet of the acrobat
HPRegen  0.10/turn              v - ring of ice
MPRegen  0.14/turn              (no ring)

@: no status effects
A: no striking features
a: Channel Magic, Renounce Religion


You were on level 4 of the Dungeon.
You worshipped Sif Muna.
Sif Muna was aware of your devotion.
You were not hungry.

You visited 2 branches of the dungeon, and saw 5 of its levels.

You collected 151 gold pieces.

Inventory:

Hand Weapons
 e - a +0 dagger (weapon)
Armour
 a - a +0 robe (worn)
 b - a +0 hat (worn)
Jewellery
 k - an amulet of the acrobat (around neck)
 r - an uncursed amulet of guardian spirit {unknown}
 v - a ring of ice (left hand)
Wands
 y - a wand of paralysis (11)
Scrolls
 c - 3 scrolls of identify {unknown}
 h - 3 scrolls of remove curse
 i - a scroll of magic mapping {unknown}
 l - a scroll of immolation {unknown}
 n - 2 scrolls of fog
 p - 2 scrolls of blinking {unknown}
 s - a scroll of teleportation {unknown}
 t - a scroll of amnesia {unknown}
Potions
 f - a potion of flight {unknown}
 g - a potion of stabbing {unknown}
 j - a potion of ambrosia {unknown}
 m - a potion of brilliance {unknown}
 o - 3 potions of curing {unknown}
 q - a potion of resistance {unknown}
 u - a potion of invisibility {unknown}
 w - a potion of magic {unknown}
 x - a potion of heal wounds {unknown}
Comestibles
 d - 8 rations
 z - 2 chunks of flesh


   Skills:
 - Level 2.4 Dodging
 - Level 2.4 Stealth
 - Level 4.4 Spellcasting
 - Level 4.7 Conjurations
 + Level 3.6 Summonings
 - Level 1.1 Translocations
 - Level 3.6 Fire Magic


You had 2 spell levels left.
You knew the following spells:

 Your Spells              Type           Power        Failure   Level  Hunger
a - Magic Dart            Conj           ####         1%          1    None
b - Call Imp              Summ           ###.....     3%          2    None
c - Blink                 Tloc           N/A          9%          2    None
d - Conjure Flame         Conj/Fire      ####....     4%          3    ##.....
e - Mephitic Cloud        Conj/Pois/Air  ##......     14%         3    ##.....

Your spell library contained the following spells:

 Spells                   Type           Power        Failure   Level  Hunger
 Slow                     Hex            #.......     13%         2    None
 Gell's Gravitas          Tloc           ##........   17%         3    ##.....
 Confusing Touch          Hex            #.......     26%         3    ##.....
 Petrify                  Tmut/Erth      #.......     65%         4    ####...
 Metabolic Englaciation   Hex/Ice        #.........   94%         5    #####..
 Yara's Violent Unravell  Hex/Tmut       #.........   94%         5    #####..


Dungeon Overview and Level Annotations

Branches:
Dungeon (4/15)             Temple (1/1) D:4

Altars:
Ashenzari
Cheibriados
Dithmenos
Elyvilon
Gozag
Hepliaklqana
Kikubaaqudgha
Makhleb
Nemelex Xobeh
Okawaru
Qazlal
Sif Muna
Trog
Uskayaw
Vehumet
Xom
Yredelemnul

Annotations:
D:4 Blork the orc


Message History

The orc wizard is moderately wounded.
The orc misses you.
The orc wizard hits you but does no damage.
You closely miss the orc wizard.
The orc wizard is moderately wounded.
The orc hits you but does no damage. The orc wizard barely misses you.
You hit the orc wizard.
The orc wizard is heavily wounded.
The orc closely misses you.
The orc wizard gestures wildly while chanting.
The orc wizard seems to speed up.
Casting: Magic Dart (safe; 1% risk of failure)
Confirm with . or Enter, or press ? or * to list all spells.
A beastly little devil appears in a puff of flame.
The orc wizard hits you but does no damage.
The orc misses you.
The orc wizard hits you but does no damage.
The orc priest invokes the aid of Beogh against you.
Beogh smites you!
You die...

#.# #.# #.# #.#
##### #<# #...#
##.## ###.#.###
...#...###...#..5#
.........o.#####o#
.#.#..<###...#oo@#
......## ###.#o###
.#.#### #.o.# .#.
##o## # #o# #.#
#.# #.# #.#


You could see an orc priest, an orc wizard (fast), 3 orcs and a friendly crimson
imp (summoned).

Vanquished Creatures
  Sigmund (D:3)
  An orc priest (D:3)
  2 orc wizards (D:3)
  6 adders
  An ooze (D:2)
  A worm (D:3)
  A leopard gecko (D:2)
  8 orcs (D:3)
  8 bats
  5 giant cockroaches
  15 goblins
  7 hobgoblins
  4 jackals (D:3)
  4 kobolds
  A quokka (D:3)
  A frilled lizard (D:4)
  8 rats
74 creatures vanquished.

Vanquished Creatures (collateral kills)
  A leopard gecko (D:3)
1 creature vanquished.

Grand Total: 75 creatures vanquished

Notes
Turn   | Place    | Note
-------+----------+-------------------------------------------
     0 | D:1      | Exodus22XD the Deep Elf Wizard began the quest for the Orb.
     0 | D:1      | Reached XP level 1. HP: 10/10 MP: 7/7
   413 | D:1      | Reached XP level 2. HP: 15/15 MP: 7/9
  1348 | D:1      | Learned a level 2 spell: Call Imp
  1351 | D:1      | Learned a level 2 spell: Blink
  1367 | D:2      | Found an iron altar of Okawaru.
  1370 | D:2      | Reached XP level 3. HP: 19/19 MP: 6/10
  1375 | D:2      | Learned a level 3 spell: Conjure Flame
  1461 | D:2      | You fall into a shaft and drop 2 floors!
  1463 | D:4      | Found a staircase to the Ecumenical Temple.
  1471 | Temple   | Entered the Ecumenical Temple
  1531 | Temple   | Became a worshipper of Sif Muna the Loreminder
  1612 | D:4      | Noticed Blork the orc
  2056 | D:2      | Reached XP level 4. HP: 19/24 MP: 3/12
  2745 | D:3      | Found a shattered altar of Ashenzari.
  2762 | D:3      | Noticed Sigmund
  2768 | D:3      | Learned a level 3 spell: Mephitic Cloud
  2787 | D:3      | Killed Sigmund
  2787 | D:3      | Reached XP level 5. HP: 14/28 MP: 1/13
  2976 | D:3      | Reached XP level 6. HP: 32/32 MP: 1/14
  3214 | D:3      | Reached * piety under Sif Muna
  3545 | D:4      | Killed from afar by an orc priest

Illustrated notes

Levels and vault maps discovered:
D:1:      psy_arrival_basics, layout_basic, dk_noncrumbling_3,
          minmay_split_cup_large
D:2:      layout_rooms, okawaru_ov_weapons_minmay, mrwooster_statue_mirror
D:3:      layout_loops_ring, first_ration, ashenzari_altar_1, uniq_sigmund
D:4:      layout_loops_ring, minmay_temple_entry_slanted,
          minmay_manual_monstrance, uniq_blork_the_orc
Temple:   kb_temple_of_zot

Skill      XL: |  1  2  3  4  5  6 |
---------------+-------------------+-----
Conjurations   | 2 3 4 |  4.7
Summonings     | 2 3 |  3.6
Fire Magic     | 3 |  3.6
Dodging        | |  2.4
Stealth        | |  2.4
Spellcasting   | |  4.4
Translocations | |  1.1

Action                   |  1- 3 |  4- 6 || total
-------------------------+-------+-------++-------
Melee: Dagger            |     4 |    19 ||    23
 Cast: Magic Dart        |    77 |    86 ||   163
       Call Imp          |     2 |     4 ||     6
       Mephitic Cloud    |       |     3 ||     3
       Conjure Flame     |       |     4 ||     4
       Blink             |       |     1 ||     1
  Use: Scroll            |     1 |     2 ||     3
 Stab: Confused          |       |     1 ||     1
  Eat: Chunk             |     3 |     5 ||     8
Armor: Robe              |     3 |     7 ||    10
Dodge: Dodged            |     9 |    35 ||    44
